 Dungeon Crawl Stone Soup version 0.16-a0-3992-g631dd12 (webtiles) character file.

5610 timbw the Cruncher (level 11, -1/69 HPs)
             Began as a Halfling Gladiator on Feb 12, 2015.
             Was a Priest of Ashenzari.
             Slain by a yak (14 damage)
             ... on level 2 of the Lair of Beasts.
             The game lasted 00:30:40 (6033 turns).

timbw the Cruncher (Halfling Gladiator)             Turns: 6033, Time: 00:30:40

Health: -1/69      AC:  6    Str: 15    XL:     11   Next: 3%
Magic:  18/18      EV: 24    Int:  7    God:    Ashenzari [***...]
Gold:   342        SH:  0    Dex: 19    Spells: 0 memorised, 10 levels left

rFire  . . .     SeeInvis +     a - +0 quarterstaff (curse)
rCold  . . .     Clarity  +     b - +0 leather armour (curse)
rNeg   . . .     SustAb   .     (no shield)
rPois  .         Gourm    .     c - +1 helmet (curse)
rElec  .         Spirit   .     (no cloak)
rCorr  .         Warding  .     (no gloves)
rMut   .         Stasis   .     q - +0 pair of boots (curse)
MR     .....                    e - amulet of regeneration (curse)
Stlth  +++.......               (no ring)
                                (no ring)

@: not resistant to hostile enchantments, fairly stealthy
A: mutation resistance 1
a: Renounce Religion


You were on level 2 of the Lair of Beasts.
You worshipped Ashenzari.
Ashenzari was most pleased with you.
You were not hungry.

You visited 2 branches of the dungeon, and saw 13 of its levels.
You also visited: Sewer.

You collected 342 gold pieces.

Inventory:

Hand weapons
 a - a cursed +0 quarterstaff (weapon)
Missiles
 C - a throwing net (quivered)
Armour
 b - a cursed +0 leather armour (worn)
 c - a cursed +1 helmet (worn)
 k - a +0 scale mail
 q - a cursed +0 pair of boots (worn)
Jewellery
 e - a cursed amulet of regeneration (around neck)
 F - an uncursed ring of ice
Magical devices
 d - a wand of frost (31)
 r - a wand of teleportation (2)
 s - a wand of cold (0)
 u - a wand of fire (8)
 B - a wand of paralysis (5)
 G - a wand of heal wounds (3)
Scrolls
 i - 6 scrolls of amnesia
 l - 3 scrolls of teleportation
 o - a scroll of curse weapon
 p - a scroll of fear
 w - a scroll of curse armour
 y - a scroll of noise
 z - 2 scrolls of identify
 A - a scroll of remove curse
 I - a scroll of immolation
Potions
 g - 3 potions of haste
 h - a potion of might
 j - 2 potions of magic
 m - a potion of brilliance
 v - a potion of flight
 x - 2 potions of curing
 D - a potion of lignification
 H - a potion of restore abilities
Books
 K - a book of Annihilations {highlevel}

   This book is beyond your current level of understanding.

   Spells                             Type                      Level
   a - Poison Arrow                   Conjuration/Poison           6
   b - Chain Lightning                Conjuration/Air              8
   c - Lehudib's Crystal Spear        Conjuration/Earth            8
   d - Glaciate                       Conjuration/Ice              9
   e - Fire Storm                     Conjuration/Fire             9
Comestibles
 f - 7 bread rations
 n - 11 fruits
 t - 2 meat rations
 E - a beef jerky


   Skills:
 + Level 4.2 Fighting
 * Level 10.1(13.7) Staves
 - Level 2.6 Throwing
 + Level 9.4(11.2) Dodging
 + Level 2.6(4.2) Stealth
 + Level 4.6 Evocations


You had 10 spell levels left.
You didn't know any spells.

Dungeon Overview and Level Annotations

Branches:
Dungeon (11/15)            Temple (0/1) D:6            Lair (2/8) D:10
    Orc (0/4) D:9

Altars:
Ashenzari
Elyvilon
Kikubaaqudgha
Makhleb
Nemelex Xobeh
Okawaru
Yredelemnul

Annotations:
D:4 Sigmund
D:10 Josephine
Lair:1 Fannar


Innate Abilities, Weirdness & Mutations

You are small and have problems with some larger weapons.
You are somewhat resistant to further mutation.


Message History

The yak gores you.
* * * LOW HITPOINT WARNING * * *
You hit the yak but do no damage.
The yak is heavily wounded.
The yak closely misses you.
You thump the yak!
The yak is severely wounded.
You barely miss the yak.
The yak is severely wounded.
The yak completely misses you.
You hit the yak.
The yak is almost dead.
The yak gores you!
* * * LOW HITPOINT WARNING * * *
You hit the yak.
The yak is almost dead.
You hit the yak but do no damage.
The yak is almost dead.
The yak gores you!
You die...

###.# #........ #.#* #........
#..## #........ ##.^# ##........
#..### #......... ####....####
##........ #.#........######
##........ #...............#####
##P†#......
................@YYY###..P#......
)#............#####......##†.#...
##..........### ####.....#####.
##.........## #.#...#* ##
#.#......### ####...# ##......##
...## #......## #P.P# ##....##
##.## #....# #.#


You could see 3 yaks.

Vanquished Creatures
  A trapdoor spider zombie (D:9)
  7 yaks
  A wraith (D:10)
  4 hippogriffs
  Edmund (D:4)
  3 water moccasins
  2 orc warriors
  4 centaurs
  3 ice beasts
  A phantom (D:8)
  3 ogres
  2 crocodiles
  2 big kobolds (Sewer)
  7 giant frogs
  A water moccasin zombie (D:7)
  3 scorpions
  7 wights
  5 killer bees
  2 crimson imps
  2 hounds
  A centaur skeleton (D:8)
  A giant frog skeleton (D:5)
  A jelly (D:9)
  2 orc priests (D:9)
  4 orc wizards
  A worker ant (D:5)
  4 iguanas
  13 adders
  A river rat (Sewer)
  A shadow imp (D:7)
  2 worms (Sewer)
  An adder skeleton (D:6)
  22 orcs
  A bat skeleton (D:8)
  5 giant cockroaches
  7 hobgoblins
  7 jackals
  9 kobolds
  An ooze (D:1)
  3 quokkas
  A ball python (Sewer)
  13 bats
  4 giant geckos
  8 giant newts
  8 goblins
  A jackal skeleton (D:9)
  20 rats
203 creatures vanquished.

Vanquished Creatures (others)
  A giant frog (D:8)
  A hound (D:8)
  A worker ant (D:8)
  A giant spore (D:8)
4 creatures vanquished.

Grand Total: 207 creatures vanquished

Notes
Turn   | Place    | Note
--------------------------------------------------------------
     0 | D:1      | timbw, the Halfling Gladiator, began the quest for the Orb.
     0 | D:1      | Reached XP level 1. HP: 14/14 MP: 1/1
   135 | D:1      | Reached XP level 2. HP: 8/19 MP: 2/2
   440 | D:2      | Reached XP level 3. HP: 13/24 MP: 3/3
   468 | D:2      | Found a shattered altar of Ashenzari.
   505 | D:2      | Found a white marble altar of Elyvilon.
   591 | D:2      | Became a worshipper of Ashenzari the Shackled
   746 | D:2      | Reached XP level 4. HP: 7/29 MP: 4/4
  1017 | D:3      | Reached skill level 4 in Staves
  1065 | D:3      | Reached XP level 5. HP: 32/34 MP: 5/5
  1437 | D:4      | Noticed an ogre
  1446 | D:4      | Killed an ogre
  1446 | D:4      | Reached XP level 6. HP: 39/39 MP: 6/6
  1472 | D:4      | Noticed Sigmund
  1570 | D:4      | Noticed Edmund
  1684 | D:4      | Killed Edmund
  1684 | D:4      | Reached skill level 5 in Staves
  1716 | D:5      | Entered Level 5 of the Dungeon
  1966 | D:5      | Identified the +9 long sword "Psof" {venom, rPois+ rC+ MR- Int-3 Dex+4}
  2005 | D:6      | Noticed an orc warrior
  2058 | D:5      | Reached skill level 5 in Dodging
  2058 | D:5      | Reached XP level 7. HP: 20/44 MP: 7/7
  2181 | D:5      | Found a basalt altar of Yredelemnul.
  2425 | D:6      | Found a staircase to the Ecumenical Temple.
  2462 | D:6      | Identified the +2 robe of the King {Dex+4}
  2523 | D:6      | Found a glowing drain.
  2531 | Sewer    | Entered a sewer
  2549 | Sewer    | Reached skill level 6 in Staves
  2821 | Sewer    | Reached XP level 8. HP: 43/49 MP: 8/8
  3245 | D:6      | Reached skill level 7 in Staves
  3576 | D:7      | Found a burning altar of Makhleb.
  3603 | D:7      | Found a sparkling altar of Nemelex Xobeh.
  3733 | D:7      | Reached XP level 9. HP: 39/54 MP: 9/9
  3863 | D:7      | Reached skill level 8 in Staves
  4272 | D:9      | Identified the +8 battleaxe "Psuh" {chop, Str+7 Dex+6}
  4394 | D:9      | Reached skill level 9 in Staves
  4394 | D:9      | Reached skill level 1 in Evocations
  4442 | D:8      | Noticed a two-headed ogre
  4645 | D:9      | Found an ancient bone altar of Kikubaaqudgha.
  4649 | D:9      | Found an iron altar of Okawaru.
  4764 | D:9      | Acquired Ashenzari's first power
  4811 | D:9      | Reached XP level 10. HP: 51/61 MP: 13/13
  4933 | D:9      | Found a staircase to the Orcish Mines.
  5059 | D:10     | Entered Level 10 of the Dungeon
  5197 | D:11     | Noticed a red ugly thing
  5367 | D:10     | Noticed Josephine
  5416 | D:10     | Found a staircase to the Lair.
  5481 | Lair:1   | Entered Level 1 of the Lair of Beasts
  5661 | Lair:1   | Reached skill level 1 in Stealth
  5762 | Lair:1   | Noticed Fannar
  5777 | Lair:2   | Noticed a seven-headed hydra
  5829 | Lair:2   | Reached skill level 10 in Staves
  5923 | Lair:2   | Acquired Ashenzari's second power
  5996 | Lair:2   | Reached XP level 11. HP: 29/69 MP: 18/18
  6033 | Lair:2   | Slain by a yak

Action                   |  1- 3 |  4- 6 |  7- 9 | 10-12 || total
-------------------------+-------+-------+-------+-------++-------
Melee: Quarterstaff      |   107 |   115 |   536 |   363 ||  1121
Throw: Throwing net      |     2 |     1 |     2 |       ||     5
Evoke: Wand              |       |     4 |     2 |     3 ||     9
  Use: Potion            |     4 |       |     2 |     1 ||     7
       Scroll            |     2 |     3 |    13 |     5 ||    23
 Stab: Sleeping          |       |       |     2 |     1 ||     3
       Held in net/web   |       |       |     1 |       ||     1
       Paralysed         |       |       |       |     4 ||     4
  Eat: Chunk             |       |     2 |    11 |     1 ||    14
       Bread ration      |       |     1 |       |       ||     1
       Meat ration       |       |       |       |     1 ||     1
       Beef jerky        |       |       |       |     1 ||     1
